 Dungeon Sprint DCSS version 0.29.1-12-g30fa7ad0bf (webtiles) character file.

Game seed: 8333039870002425541

2858 Groucho the Geomancer (level 9, -3/39 HPs)
             Began as a Spriggan Earth Elementalist on Jan 8, 2023.
             Was an Elder of Sif Muna.
             Asphyxiated
             ... in the Dungeon (Sprint III: "The Ten Rune Challenge").
             The game lasted 00:10:45 (3127 turns).

Groucho the Geomancer (Spriggan Earth Elementalist) Turns: 3127, Time: 00:10:45

Health: -3/39      AC:  3    Str:  4    XL:     9   Next: 47%
Magic:  12/24      EV: 24    Int: 20    God:    Sif Muna [****..]
Gold:   37         SH:  0    Dex: 16    Spells: 20/29 levels left

rFire   . . .      SeeInvis +   i - +4 quarterstaff (chaos)
rCold   . . .      Faith    .   (shield currently unavailable)
rNeg    . . .      Spirit   .   a - +0 robe
rPois   .          Reflect  .   (helmet restricted)
rElec   .          Harm     .   j - +0 cloak {rCorr}
rCorr   +          Rampage  .   (gloves unavailable)
Will    +....      NoTele   +   (boots unavailable)
Stlth   ++........              (no amulet)
HPRegen 0.13/turn               (no ring)
MPRegen 0.19/turn               (no ring)

@: lethally poisoned (-3 -> -17), very quick
A: very small, no large weapons, unfitting armour, see invisible, speed 3
a: Renounce Religion, Channel Magic, Forget Spell, Divine Exegesis


You were in the Dungeon.
You worshipped Sif Muna.
Sif Muna was greatly pleased with you.
You visited 1 branch You collected 37 gold pieces.

Inventory:

Hand Weapons
 i - a +4 quarterstaff of chaos (weapon)
Armour
 a - a +0 robe (worn)
 j - a +0 cloak of preservation (worn)
Wands
 p - a wand of roots (10)
Scrolls
 g - a scroll of blinking
 l - a scroll of torment {unknown}
 m - 2 scrolls of identify {unknown}
 o - a scroll of poison {unknown}
Potions
 b - 3 potions of magic
 c - 3 potions of curing
 e - a potion of haste
 f - 4 potions of berserk rage
 h - 2 potions of might
 k - 3 potions of mutation {unknown}
 n - 3 potions of flight


   Skills:
 + Level 11.4 Dodging
 - Level 3.0 Stealth
 + Level 10.5 Spellcasting
 * Level 9.4 Conjurations
 - Level 1.3 Transmutations
 * Level 0.0 Air Magic
 * Level 11.6 Earth Magic
 * Level 6.9 Invocations


You had 20 spell levels left.
You knew the following spells:

 Your Spells              Type           Power      Damage    Failure   Level
a - Sandblast             Erth           100%       2d20      1%          1
b - Stone Arrow           Conj/Erth      100%       3d13      1%          3
c - Shock                 Conj/Air       100%       1d9       1%          1
d - Airstrike             Air            5%         2d(1-17)  54%         4

Your spell library contained the following spells:

 Spells                   Type           Power      Damage    Failure   Level
 Passwall                 Tmut/Erth      30%        N/A       1%          2
 Petrify                  Tmut/Erth      36%        N/A       4%          4
 Swiftness                Air            10%        N/A       21%         3


Dungeon Overview and Level Annotations

Branches:
Dungeon (1/1)

Altars:
Cheibriados
Dithmenos
Elyvilon
Fedhas
Gozag
Hepliaklqana
Kikubaaqudgha
Makhleb
Nemelex Xobeh
Okawaru
Qazlal
Ru
Sif Muna
Trog
Uskayaw
Vehumet
Wu Jian
Xom
Yredelemnul
Zin
The Shining One
Jiyva
Lugonu

Annotations:
D Dowan, Duvessa


Innate Abilities, Weirdness & Mutations

You are very small and have problems with some larger weapons.
You are too small for most types of armour.
You have supernaturally acute eyesight. (SInv)
You cover ground extremely quickly. (Speed+++)


Message History

The stone arrow hits Duvessa!!
Duvessa is lightly wounded.
Duvessa shouts!
Dowan, Brother of Duvessa comes into view.
He is wielding a +1 morningstar of distortion.
Unknown command.
Casting: Stone Arrow (safe; 1% risk of failure)
Confirm with . or Enter, or press ? or * to list all spells.
Aiming: Stone Arrow (safe; 1% risk of failure)
Press: ? - help, Shift-Dir - straight line, f/p - Duvessa
Aim: Duvessa, wielding a +0 great sword of freezing and quivering curare-tipped darts (lightly wounded, 81% to hit)
The stone arrow hits Duvessa!
Duvessa is moderately wounded.
Dowan shouts!
Duvessa throws a curare-tipped dart.
The curare-tipped dart completely misses you.
Unknown command.
Unknown command.
Casting: Stone Arrow (safe; 1% risk of failure)
Confirm with . or Enter, or press ? or * to list all spells.
Aiming: Stone Arrow (safe; 1% risk of failure)
Press: ? - help, Shift-Dir - straight line, f/p - Duvessa
Aim: Duvessa, wielding a +0 great sword of freezing and quivering curare-tipped darts (moderately wounded, 81% to hit)
The stone arrow hits Duvessa!!
Duvessa is heavily wounded.
Duvessa throws a curare-tipped dart.
The curare-tipped dart misses you.
Unknown command.
Casting: Stone Arrow (safe; 1% risk of failure)
Confirm with . or Enter, or press ? or * to list all spells.
Aiming: Stone Arrow (safe; 1% risk of failure)
Press: ? - help, Shift-Dir - straight line, f/p - Duvessa
Aim: Duvessa, wielding a +0 great sword of freezing and quivering curare-tipped darts (heavily wounded, 81% to hit)
The stone arrow misses Duvessa.
Dowan casts a spell at you. The bolt of fire hits you!!!
Ouch! That really hurt!
* * * LOW HITPOINT WARNING * * *
Duvessa throws a curare-tipped dart.
The curare-tipped dart hits you.
You are lethally poisoned!
You have difficulty breathing.
You die...

.#+#####################
.#....#)#.#.))..#.^....+
.##.#..#.##.###.#..^...#
.)##.#.#.##.#..##.^.^^.#
.#...#..#..##..'.....^^#
▓▓▓▓▓▓▓▓▓▓▓▓▓▓▓#.......#
#......^# +.^.....#
#@.....^# ##'###### ..+


ee# ..# ### You could see Duvessa and Dowan.

Vanquished Creatures
  Erolcha (D)
  A deep elf pyromancer (D)
  A shadow (D)
  2 redbacks (D)
  A spatial vortex (D)
  5 two-headed ogres (D)
  A necrophage (D)
  A water elemental (D)
  A jelly (D)
  A wizard (D)
  Crazy Yiuf (D)
  A necromancer (D)
  A kobold demonologist (D)
  3 humans (D)
  4 rats (D)
25 creatures vanquished.

Vanquished Creatures (others)
  A plant (D)
1 creature vanquished.

Grand Total: 26 creatures vanquished

Notes
Turn   | Place    | Note
-------+----------+-------------------------------------------
     0 | D        | Groucho the Spriggan Earth Elementalist began the quest for
                  | the Orb.
     0 | D        | Reached XP level 1. HP: 9/9 MP: 5/5
   204 | D        | Reached XP level 2. HP: 13/13 MP: 0/7
   491 | D        | Noticed Crazy Yiuf
   558 | D        | Killed Crazy Yiuf
   559 | D        | Reached XP level 3. HP: 16/16 MP: 4/9
   620 | D        | Learned a level 3 spell: Stone Arrow
   624 | D        | Noticed a water elemental
   642 | D        | Killed a water elemental
   643 | D        | Reached skill level 5 in Dodging
   643 | D        | Reached skill level 5 in Spellcasting
   643 | D        | Reached skill level 5 in Earth Magic
   643 | D        | Reached XP level 4. HP: 21/21 MP: 3/12
   864 | D        | Found a radiant altar of Vehumet.
   867 | D        | Found a shimmering blue altar of Sif Muna.
   867 | D        | Noticed a wizard
   868 | D        | Killed a wizard
   872 | D        | Reached XP level 5. HP: 24/24 MP: 7/14
  1086 | D        | Found an ancient bone altar of Kikubaaqudgha.
  1097 | D        | Became a worshipper of Sif Muna the Loreminder
  1112 | D        | Found a shadowy altar of Dithmenos.
  1114 | D        | Found a basalt altar of Yredelemnul.
  1114 | D        | Found a sacrificial altar of Ru.
  1133 | D        | Reached skill level 5 in Conjurations
  1362 | D        | Found a hide-covered altar of Uskayaw.
  1362 | D        | Found an iron altar of Okawaru.
  1364 | D        | Found a bloodstained altar of Trog.
  1365 | D        | Found an ornate altar of the Wu Jian Council.
  1365 | D        | Noticed a human
  1366 | D        | Noticed a human
  1376 | D        | Killed a human
  1376 | D        | Reached * piety under Sif Muna
  1377 | D        | Reached XP level 6. HP: 28/28 MP: 4/17
  1381 | D        | Killed a human
  1640 | D        | Found a glowing silver altar of Zin.
  1643 | D        | Found a glowing golden altar of the Shining One.
  1644 | D        | Found a white marble altar of Elyvilon.
  1645 | D        | Noticed a deep elf pyromancer
  1650 | D        | Killed a deep elf pyromancer
  1651 | D        | Reached XP level 7. HP: 12/32 MP: 2/20
  1870 | D        | Reached ** piety under Sif Muna
  1877 | D        | Noticed a shadow
  1880 | D        | Killed a shadow
  1881 | D        | Reached skill level 10 in Earth Magic
  1881 | D        | Reached XP level 8. HP: 36/36 MP: 14/22
  2028 | D        | Found a blossoming altar of Fedhas.
  2028 | D        | Found a stormy altar of Qazlal.
  2028 | D        | Found a snail-covered altar of Cheibriados.
  2028 | D        | Found a burning altar of Makhleb.
  2028 | D        | Found a shimmering altar of Xom.
  2036 | D        | Found a hazy altar of Hepliaklqana.
  2036 | D        | Found an opulent altar of Gozag.
  2036 | D        | Found a sparkling altar of Nemelex Xobeh.
  2036 | D        | Found a corrupted altar of Lugonu.
  2036 | D        | Found a viscous altar of Jiyva.
  2289 | D        | Reached skill level 10 in Dodging
  2301 | D        | Reached *** piety under Sif Muna
  2447 | D        | Noticed a two-headed ogre
  2457 | D        | Killed a two-headed ogre
  2717 | D        | Noticed a two-headed ogre
  2717 | D        | Noticed Erolcha
  2728 | D        | Killed Erolcha
  2729 | D        | Reached skill level 10 in Spellcasting
  2729 | D        | Reached XP level 9. HP: 34/39 MP: 8/24
  2762 | D        | Killed a two-headed ogre
  2883 | D        | Reached **** piety under Sif Muna
  3116 | D        | Learned a level 1 spell: Shock
  3121 | D        | Learned a level 4 spell: Airstrike
  3123 | D        | Noticed Duvessa
  3124 | D        | Noticed Dowan
  3127 | D        | Asphyxiated

Illustrated notes

Levels and vault maps discovered:
D:        dungeon_sprint_mu [sprint_mu_entry_forest, sprint_mu_temple_rooms,
          sprint_mu_d1_spiders, sprint_mu_d2_genie, sprint_mu_d3_branching,
          sprint_mu_orc_legion, sprint_mu_elf_gauntlet, sprint_mu_hive_nellie,
          sprint_mu_lair_fedhas, sprint_mu_vaults_butterflies,
          sprint_mu_slime_circle, sprint_mu_swamp_cave, sprint_mu_snake_twists,
          sprint_mu_blade_basic, sprint_mu_crypt_fortress,
          sprint_mu_tomb_spiral, sprint_mu_vestibule_basic,
          sprint_mu_gehenna_hellfire, sprint_mu_dis_giant,
          sprint_mu_tartarus_statrot, sprint_mu_cocytus_islands, sprint_mu_zot1]

Skill      XL: |  1  2  3  4  5  6  7  8 |
---------------+-------------------------+-----
Dodging        | 3 4 5 6 7 9 11 | 11.4
Earth Magic    | 3 4 5 6 7 9 10 11 | 11.6
Spellcasting   | 3 4 5 7 8 9 10 | 10.5
Conjurations   | 2 3 4 6 7 9 |  9.4
Invocations    | 2 6 |  6.9
Stealth        | |  3.0
Transmutations | |  1.3

Action                   |  1- 3 |  4- 6 |  7- 9 || total
-------------------------+-------+-------+-------++-------
 Cast: Sandblast         |    26 |     5 |    13 ||    44
       Stone Arrow       |     1 |    12 |    28 ||    41
  Use: Potion            |       |       |     1 ||     1
Dodge: Dodged            |     5 |       |     5 ||    10
